 Dungeon Crawl Stone Soup version 0.30-a0-953-g5f1da4a474 (webtiles) character file.

Game seed: 11550476224101608067

657 Jeffwins the Shooter (level 7, 0/50 HPs)
             Began as a Human Wanderer on Mar 29, 2023.
             Killed from afar by a dart slug (4 damage)
             ... with a slug dart
             ... on level 5 of the Dungeon.
             The game lasted 00:07:56 (3424 turns).

Jeffwins the Shooter (Human Wanderer)               Turns: 3424, Time: 00:07:57

Health: 0/50       AC:  4    Str: 11    XL:     7   Next: 85%
Magic:  10/10      EV: 10    Int: 13    God:
Gold:   200        SH:  0    Dex: 15    Spells: 7/11 levels left

rFire   . . .      SeeInvis .    a - +2 sling
rCold   . . .      Faith    .    (no shield)
rNeg    . . .      Spirit   .    p - +0 leather armour
rPois   .          Reflect  .    (no helmet)
rElec   .          Rampage  .    (no cloak)
rCorr   .                        (no gloves)
Will    .....                    m - +0 pair of boots
Stlth   ++                       (no amulet)
HPRegen 0.28/turn                (no ring)
MPRegen 0.12/turn                (no ring)

@: no status effects
A: no striking features
a: no special abilities


You were on level 5 of the Dungeon.
You visited 1 branch of the dungeon, and saw 5 of its levels.
You also visited: Ossuary.

You collected 224 gold pieces.
You spent 24 gold pieces at shops.


   Skills:
 + Level 2.2 Fighting
 * Level 5.6 Ranged Weapons
 - Level 2.0 Armour
 + Level 2.6 Stealth
 + Level 2.5 Spellcasting
 + Level 2.1 Conjurations
 + Level 4.1 Air Magic
 + Level 1.9 Poison Magic
 + Level 2.1 Evocations


You had 7 spell levels left.
You knew the following spells:

 Your Spells              Type           Power      Damage    Failure   Level
x - Static Discharge      Conj/Air       18%        2-3/arc   13%         2
z - Poisonous Vapours     Pois/Air       18%        N/A       14%         2

Your spell library contained the following spells:

 Spells                   Type           Power      Damage    Failure   Level
 Apportation              Tloc           2%         N/A       32%         1
 Necrotise                Necr           4%         1d4       32%         1
 Sandblast                Erth           2%         2d4       32%         1
 Summon Small Mammal      Summ           4%         N/A       32%         1
 Passwall                 Tmut/Erth      0%         N/A       43%         2
 Stone Arrow              Conj/Erth      8%         3d7       52%         3

Inventory:

Hand Weapons
 a - a +2 sling (weapon)
Armour
 b - a +0 scale mail
 g - a +0 robe
 m - a +0 pair of boots (worn)
 p - a +0 leather armour (worn)
 v - a scarf of invisibility
Jewellery
 C - a ring of ice
Scrolls
 e - 2 scrolls of poison {!r}
 h - 4 scrolls of teleportation {@r4}
 i - a scroll of vulnerability {!r}
 n - a scroll of fog {unknown}
 o - a scroll of immolation {!r}
 q - a scroll of fear {unknown}
 t - 3 scrolls of butterflies
Potions
 c - 3 potions of attraction {!q}
 d - 3 potions of mutation {!q}
 f - a potion of berserk rage {unknown}
 j - 2 potions of heal wounds {unknown}
 k - a potion of brilliance {unknown}
 l - 2 potions of lignification {unknown}
 r - a potion of curing {unknown}
 s - a potion of magic {unknown}
 u - a potion of invisibility

Dungeon Overview and Level Annotations

Branches:
Dungeon (5/15)            Ossuary (visited)
 Temple: D:4-7

Altars:

Shops:
D:3 *

Annotations:
D:4 Edmund

... . ... ..
.. ... ..
....##.
.......
.......##
......w@#
.##.......).#
?...........#
#...........#
#...##..#...#
#.).
#.##....# ...
#. .$..# ##
#. .#.##


You could see a dart slug.


Message History

You are no longer poisoned.
The adder bites you but does no damage.
The dart slug bites you but does no damage.
You shoot a sling bullet.
The sling bullet barely misses the adder.
The adder barely misses you. x2
The dart slug launches a dart at you. The slug dart hits you.
* * * LOW HITPOINT WARNING * * *
Unknown command.
You shoot a sling bullet.
The sling bullet closely misses the adder.
The adder barely misses you. The adder bites you but does no damage.
Unknown command.
You shoot a sling bullet.
The sling bullet barely misses the adder.
The dart slug barely misses you. The adder bites you.
* * * LOW HITPOINT WARNING * * *
Unknown command.
You shoot a sling bullet. The sling bullet hits the adder.
You kill the adder!
The dart slug launches a dart at you. The slug dart hits you.
* * * LOW HITPOINT WARNING * * *
Unknown command.
You shoot a sling bullet. The sling bullet hits the dart slug!
The dart slug is severely wounded.
The dart slug launches a dart at you. The slug dart hits you.
You die...

Skill      XL: |  1  2  3  4  5  6  7 |
---------------+----------------------+-----
Stealth        | 1 2 |  2.6
Fighting       | 1 2 |  2.2
Ranged Weapons | 5 |  5.6
Spellcasting   | 2 |  2.5
Conjurations   | 1 2 |  2.1
Evocations     | 1 2 |  2.1
Poison Magic   | 1 |  1.9
Air Magic      | 4 |  4.1
Armour         | |  2.0

Action                     |  1- 3 |  4- 6 |  7- 9 || total
---------------------------+-------+-------+-------++-------
   Fire: Sling             |   106 |   172 |   165 ||   443
  Evoke: Wand              |       |     7 |     6 ||    13
    Use: Scroll            |     2 |     5 |       ||     7
         Potion            |       |       |     3 ||     3
 Armour: Scale mail        |     9 |       |       ||     9
         Robe              |     5 |       |       ||     5
         Leather armour    |       |    25 |    39 ||    64
  Dodge: Dodged            |    25 |    29 |    63 ||   117

Levels and vault maps discovered:
D:1:      tarquinn_simple_flora_water_d, layout_rooms, minmay_misc_feat_tiny,
          hex_intersection
D:2:      layout_loops_ring, hangedman_decor_growths
D:3:      layout_loops_cross, serial_shops, shop
D:4:      layout_basic, nicolae_ossuary_entry_catacombs, uniq_edmund
D:5:      layout_cave_pools, lemuel_flamethrower_2

Notes
Turn   | Place    | Note
-------+----------+-------------------------------------------
     0 | D:1      | Jeffwins the Human Wanderer began the quest for the Orb.
     0 | D:1      | Jeffwins set off with the following items: a +2 sling, a +0
                  | scale mail, a potion of attraction {!q}; and the following
                  | spells available to memorise: Poisonous Vapours, Static
                  | Discharge.
     0 | D:1      | Reached XP level 1. HP: 13/13 MP: 2/2
    39 | D:1      | Reached XP level 2. HP: 19/19 MP: 3/3
   179 | D:1      | Reached XP level 3. HP: 25/25 MP: 5/5
   182 | D:1      | Learned a level 2 spell: Static Discharge
   629 | D:2      | Reached skill level 1 in Stealth
   678 | D:2      | Reached XP level 4. HP: 31/31 MP: 6/6
  1040 | D:1      | Reached skill level 1 in Fighting
  1423 | D:3      | Learned a level 2 spell: Poisonous Vapours
  1525 | D:3      | Reached XP level 5. HP: 37/37 MP: 7/7
  1587 | D:3      | Found Pymazot's General Store.
  1593 | D:3      | Bought a scroll of identify for 24 gold pieces
  2116 | D:4      | Noticed a phantom
  2148 | D:4      | Killed a phantom
  2149 | D:4      | Reached skill level 5 in Ranged Weapons
  2149 | D:4      | Reached skill level 2 in Spellcasting
  2149 | D:4      | Reached skill level 1 in Conjurations
  2149 | D:4      | Reached skill level 1 in Evocations
  2149 | D:4      | Reached XP level 6. HP: 21/43 MP: 7/9
  2283 | D:4      | Noticed an ogre
  2297 | D:4      | Killed an ogre
  2298 | D:4      | Reached skill level 2 in Stealth
  2298 | D:4      | Reached skill level 1 in Poison Magic
  2414 | D:4      | Reached XP level 7. HP: 24/49 MP: 10/10
  2496 | D:4      | Found a sand-covered staircase.
  2505 | Ossuary  | Entered an ossuary
  2604 | Ossuary  | Reached skill level 4 in Air Magic
  2624 | Ossuary  | Reached skill level 2 in Fighting
  3007 | Ossuary  | Reached skill level 2 in Conjurations
  3120 | D:4      | Reached skill level 2 in Evocations
  3370 | D:4      | Noticed Edmund
  3398 | D:5      | Entered Level 5 of the Dungeon
  3423 | D:5      | HP: 4/50 [dart slug/slug dart (3)]
  3424 | D:5      | Killed from afar by a dart slug

Vanquished Creatures
  An ogre (D:4)
  A phantom (D:4)
  An elf zombie (D:4)
  An elf skeleton (D:4)
  A centaur zombie (Ossuary)
  2 hounds
  2 human zombies
  A human skeleton (D:4)
  4 mummies (Ossuary)
  3 gnolls
  3 adders
  3 worms
  2 dart slugs (D:1)
  2 orcs (D:3)
  2 bats
  5 endoplasms
  3 giant cockroaches
  4 hobgoblins
  2 jackals (D:1)
  4 quokkas
  6 ball pythons
  3 frilled lizards
  6 goblins
  4 goblin zombies (Ossuary)
  A hobgoblin zombie (Ossuary)
  12 kobolds
  2 orc skeletons (D:4)
  An orc zombie (Ossuary)
  4 rats
86 creatures vanquished.

Table legend: (Time is in decaauts)
 A = Elapsed time spent in this place.
 B = Non-inter-level travel time spent in this place.
 C = Inter-level travel time spent in this place.
 D = Time resting spent in this place.
 E = Time spent auto-exploring this place.
 F = Levels seen in this place.
 G = Mean time per level.
                   A        B        C        D        E       F      G
               +--------+--------+--------+--------+--------+-----+--------+
         Total |   3518 |   3375 |    143 |    270 |   2114 |   6 |  586.3 |
       Dungeon |   2921 |   2778 |    143 |    214 |   1737 |   5 |  584.2 |
       Ossuary |    597 |    597 |      0 |     56 |    377 |   1 |  597.0 |
               +--------+--------+--------+--------+--------+-----+--------+

Top non-repeatable levels by time:
     D:2: 827 daAuts
     D:4: 789 daAuts
     D:3: 677 daAuts
 Ossuary: 597 daAuts
     D:1: 597 daAuts
     D:5: 30 daAuts

Table legend:
 A = Non-vault XP
 B = Vault XP
 C = Vault XP percentage of total XP
 D = Non-vault monster count
 E = Vault monster count
 F = Vault count percentage of total count
                 A         B        C        D         E       F
            +---------+---------+-------+---------+---------+-------
      Total |     509 |     430 |  45.8 |      68 |      18 |  20.9
            +---------+---------+-------+---------+---------+-------
        D:1 |      68 |       0 |   0.0 |      29 |       0 |   0.0
        D:2 |      57 |       0 |   0.0 |      16 |       0 |   0.0
        D:3 |      70 |       0 |   0.0 |      15 |       0 |   0.0
        D:4 |     258 |     259 |  50.1 |       6 |       6 |  50.0
        D:5 |      56 |       0 |   0.0 |       2 |       0 |   0.0
    Ossuary |       0 |     171 | 100.0 |       0 |      12 | 100.0
            +---------+---------+-------+---------+---------+-------
